 Dungeon Crawl Stone Soup version 0.21.1-1-g345015f (webtiles) character file.

147 fishrc the Skirmisher (level 5, 0/43 HPs)
             Began as a Demonspawn Abyssal Knight on June 5, 2018.
             Was a Believer of Lugonu.
             Slain by diana's ghost (9 damage)
             ... on level 3 of the Dungeon.
             The game lasted 00:16:41 (2933 turns).

fishrc the Skirmisher (Demonspawn Abyssal Knight)   Turns: 2933, Time: 00:16:41

Health: 0/43       AC: 11    Str: 13    XL:     5   Next: 8%
Magic:  6/6        EV:  1    Int: 14    God:    Lugonu [**....]
Gold:   80         SH: 10    Dex: 12    Spells: 4/4 levels left

rFire    . . .     SeeInvis .   o - +1 hand axe (chop)
rCold    . . .     Gourm    .   t - +0 large shield
rNeg     . . .     Faith    .   f - +0 chain mail
rPois    .         Spirit   .   (helmet restricted)
rElec    .         Reflect  .   (no cloak)
rCorr    .         Harm     .   s - +0 pair of gloves
MR       .....                  (no boots)
Stlth    ..........             (no amulet)
HPRegen  0.14/turn              (no ring)
MPRegen  0.10/turn              (no ring)

@: no status effects
A: antennae 1, rugged brown scales 1, nightstalker 1
a: Depart the Abyss, Bend Space, Renounce Religion


You were on level 3 of the Dungeon.
You worshipped Lugonu.
Lugonu was pleased with you.
You were not hungry.

You visited 1 branch of the dungeon, and saw 3 of its levels.
You visited the Abyss 1 time.

You collected 80 gold pieces.

Inventory:

Hand Weapons
 a - a +1 spear
 d - a +0 dagger
 j - a +0 dagger of draining
 o - a +1 hand axe of chopping (weapon)
 w - a +1 short sword of holy wrath
Missiles
 e - 58 stones (quivered)
 p - 16 sling bullets
 r - 18 bolts
 v - 2 javelins
 y - 45 arrows
Armour
 b - a +0 leather armour
 f - a +0 chain mail (worn)
 i - a +0 buckler
 s - a +0 pair of gloves (worn)
 t - a +0 large shield (worn)
Scrolls
 g - a scroll of fear {unknown}
 h - a scroll of identify {unknown}
 k - a scroll of noise {unknown}
 l - a scroll of magic mapping {unknown}
 m - a scroll of teleportation {unknown}
 n - a scroll of random uselessness {unknown}
 C - a scroll of remove curse {unknown}
Potions
 q - 2 potions of brilliance
 u - 3 potions of curing
 x - 2 potions of flight {unknown}
 z - a potion of might {unknown}
 B - a potion of heal wounds {unknown}
Comestibles
 c - 4 rations


   Skills:
 + Level 3.9 Fighting
 + Level 1.5(2.2) Axes
 + Level 2.4(2.7) Polearms
 + Level 2.5 Armour
 + Level 1.5 Dodging
 + Level 1.0 Stealth
 + Level 0.6 Shields
 + Level 2.4 Invocations


You had 4 spell levels left.
You didn't know any spells.

Dungeon Overview and Level Annotations

Branches:
Dungeon (3/15)

Altars:
Wu Jian
Yredelemnul

Annotations:
D:3 diana's ghost, amateur DsGl


Innate Abilities, Weirdness & Mutations

You have a pair of small antennae on your head.
You are partially covered in rugged brown scales. (AC +1, +3% HP)
You are slightly more attuned to the shadows.


Message History

You hit the jackal.
You kill the jackal!
Lugonu accepts your kill.
You closely miss diana's ghost.
Diana's ghost hits you but does no damage.
You hit diana's ghost but do no damage.
Diana's ghost is lightly damaged.
Diana's ghost says, "Missed me!"
You block diana's ghost's attack. Diana's ghost hits you.
You closely miss diana's ghost.
Diana's ghost is lightly damaged.
Diana's ghost hits you.
You hit diana's ghost but do no damage.
Diana's ghost is lightly damaged.
Diana's ghost hits you. Diana's ghost hits you!
* * * LOW HITPOINT WARNING * * *
You hit diana's ghost but do no damage.
Diana's ghost is lightly damaged.
Diana's ghost hits you!
You die...

.(.....# ##........#.###
.......# #...........###
##.##..###
#..).........#.
#.##....#.#
#..........#...
#.##......#
#............#.
#.#...#..##
#..............
#...#.##.#
##........###.. #####.#
.#########(.............
##.#
.....W@††..........##.#
#..#
##....###..........##.#
##.## ...##.
#..........##.# #.<# ##
#. #..........##.# #.##
#. ##......).## #. ##
..<......#...$. #.
###########..... #. ....
.. ..


You could see diana's ghost.

Vanquished Creatures
  An orc priest (D:2)
  4 adders (D:2)
  A worm (D:2)
  2 dart slugs (D:1)
  2 leopard geckos (D:2)
  4 orcs (D:2)
  6 bats
  3 giant cockroaches
  9 goblins
  7 hobgoblins
  8 jackals
  8 kobolds
  2 quokkas
  3 frilled lizards
  5 rats
  A spectral orc (D:3)
66 creatures vanquished.

Notes
Turn   | Place    | Note
-------+----------+-------------------------------------------
     0 | Abyss:1  | fishrc the Demonspawn Abyssal Knight began the quest for the Orb.
     0 | Abyss:1  | Reached XP level 1. HP: 18/18 MP: 2/2
    11 | D:1      | Escaped the Abyss
   733 | D:1      | Gained mutation: You are slightly more attuned to the shadows. [demonic ancestry]
   733 | D:1      | Reached XP level 2. HP: 22/24 MP: 3/3
  1148 | D:1      | Reached skill level 1 in Dodging
  1419 | D:2      | Reached XP level 3. HP: 11/29 MP: 4/4
  1521 | D:2      | Reached ** piety under Lugonu
  1749 | D:2      | Gained mutation: You are partially covered in rugged brown scales. (AC +1, +3% HP) [demonic ancestry]
  1749 | D:2      | Reached XP level 4. HP: 15/38 MP: 5/5
  2106 | D:2      | Reached skill level 1 in Axes
  2106 | D:2      | Reached skill level 1 in Stealth
  2190 | D:2      | Found an ornate altar of the Wu Jian Council.
  2531 | D:3      | Gained mutation: You have a pair of small antennae on your head. [demonic ancestry]
  2531 | D:3      | Reached XP level 5. HP: 42/43 MP: 6/6
  2565 | D:3      | Found a basalt altar of Yredelemnul.
  2923 | D:3      | Noticed diana's ghost (amateur DsGl)
  2933 | D:3      | Slain by diana's ghost

Skill      XL: |  1  2  3  4 |
---------------+-------------+-----
Polearms       | 2 |  2.4
Armour         | 2 |  2.5
Dodging        | 1 |  1.5
Axes           | 1 |  1.5
Stealth        | 1 |  1.0
Fighting       | |  3.9
Shields        | |  0.6
Invocations    | |  2.4

Action                   |  1- 3 |  4- 6 || total
-------------------------+-------+-------++-------
Melee: Spear             |    56 |       ||    56
       Hand axe          |    64 |    97 ||   161
  Use: Potion            |     3 |       ||     3
 Stab: Sleeping          |     3 |       ||     3
  Eat: Ration            |     1 |       ||     1
       Chunk             |       |     3 ||     3
Armor: Leather armour    |    15 |       ||    15
       Chain mail        |    37 |   116 ||   153
Dodge: Dodged            |    32 |     7 ||    39
Block: Buckler           |     7 |       ||     7
       Large shield      |    12 |    92 ||   104
